 Dungeon Crawl Stone Soup version 0.30-a0-55-g90e3122c3a (webtiles) character file.

Game seed: 6230306195409580056

424 kae the Firebug (level 6, -2/32 HPs)
             Began as a Deep Elf Fire Elementalist on Sept 9, 2022.
             Frozen to death by funkygono's ghost (6 damage)
             ... on level 3 of the Dungeon.
             The game lasted 00:04:01 (4904 turns).

kae the Firebug (Deep Elf Fire Elementalist)        Turns: 4904, Time: 00:04:01

Health: -2/32      AC:  3    Str:  5    XL:     6   Next: 64%
Magic:  24/24      EV: 13    Int: 22    God:
Gold:   224        SH:  0    Dex: 21    Spells: 2/15 levels left

rFire   . . .      SeeInvis .    (no weapon)
rCold   . . .      Faith    .    (no shield)
rNeg    . . .      Spirit   .    a - +1 robe
rPois   .          Reflect  .    (no helmet)
rElec   .          Harm     .    (no cloak)
rCorr   .          Rampage  .    (no gloves)
Will    .....                    (no boots)
Stlth   +.........               (no amulet)
HPRegen 0.10/turn                D - +6 ring of dexterity
MPRegen 0.19/turn                W - ring of magical power

@: very slow
A: no striking features
a: no special abilities


You were on level 3 of the Dungeon.
You visited 1 branch of the dungeon, and saw 4 of its levels.

You collected 224 gold pieces.


   Skills:
 - Level 2.4 Dodging
 - Level 2.4 Stealth
 + Level 5.0 Spellcasting
 * Level 4.8 Conjurations
 * Level 5.7 Fire Magic


You had 2 spell levels left.
You knew the following spells:

 Your Spells              Type           Power      Damage    Failure   Level
a - Foxfire               Conj/Fire      100%       2x1d9     1%          1
b - Scorch                Fire           62%        2d8       1%          2
c - Conjure Flame         Conj/Fire      28%        6-21      3%          3
d - Inner Flame           Hex/Fire       18%        N/A       10%         3
e - Flame Wave            Conj/Fire      28%        2d9       12%         4

Your spell library contained the following spells:

 Spells                   Type           Power      Damage    Failure   Level
 Summon Small Mammal      Summ           20%        N/A       10%         1
 Call Canine Familiar     Summ           5%         N/A       30%         3
 Summon Guardian Golem    Hex/Summ       5%         N/A       30%         3
 Fulminant Prism          Conj/Hex       8%         3d7       36%         4
 Iskenderun's Mystic Bla  Conj/Tloc      16%        2d5       36%         4
 Lee's Rapid Deconstruct  Erth           2%         3d6*      95%         5

Inventory:

Missiles
 e - 3 boomerangs
 g - 6 curare-tipped darts {=f}
 i - 53 stones
 l - 4 poisoned darts
Armour
 a - a +1 robe (worn)
Magical Staves
 k - a staff of poison {!a}
   (You found it on level 2 of the Dungeon)
Jewellery
 D - a +6 ring of dexterity (left hand)
   (You found it on level 1 of the Dungeon)
 W - a ring of magical power (right hand)
   (You found it on level 1 of the Dungeon)
Wands
 p - a wand of paralysis (10)
   (You took it off Ijyb on level 3 of the Dungeon)
Scrolls
 f - 2 scrolls of poison {!r}
 r - 2 scrolls of fog
 s - a scroll of torment {!r}
Potions
 b - 2 potions of magic
 c - 2 potions of lignification {unknown}
 d - 2 potions of haste {unknown}
 h - a potion of attraction {!q}
 j - a potion of brilliance {unknown}
 m - 2 potions of heal wounds {@q2}
 n - a potion of berserk rage {unknown}
 o - a potion of resistance
 q - a potion of cancellation {unknown}
 t - 2 potions of mutation {!q}

Dungeon Overview and Level Annotations

Branches:
Dungeon (4/15) Zot: 19093
 Temple: D:4-7

Altars:
Qazlal
Sif Muna
Trog
Wu Jian

Shops:
D:3 [

Annotations:
D:2 1 runed translucent door, Crazy Yiuf
D:3 funkygono's ghost, amateur MfIE
D:4 Pikel

#####...######.# ##.## #.# #.#
#.# #.#######.##
#.........)##########
###.####.∩............##
#######...###...#..#####.##..#
#................)))...).....#
#.≈≈≈≈≈≈≈≈≈≈≈≈@≈≈≈≈≈≈≈≈≈≈≈≈..#
#.≈≈≈≈≈≈≈≈≈≈≈≈W≈≈≈≈≈≈≈≈≈≈≈≈..#
#.≈≈#####.....g.....#####≈≈..#
###.≈≈#.#.#.###.©.###.#.#.#≈≈..#
..#.≈≈#...###.#####g###...#≈≈..#
#.#.≈≈###.......g...g.g.###≈≈..#
#.#.≈≈.8#.##§###§######g#8.≈≈..#
#...≈≈.##.#...#.§8#...#.##.≈≈..#
###.~~.#g.'...g§§§#:..'g.#.~~..#


You could see funkygono's ghost and 4 gnolls.


Message History

😎 MP[-3]
You lost 3 mp, and now have 21/24 mp.
The fire ignites!
Casting: Conjure Flame (dangerous; 3% risk of failure)
Confirm with . or Enter, or press ? or * to list all spells.
Flames lash the lemure.
The lemure's fire resistance burns away. 😎 MP[-2]
You lost 2 mp, and now have 19/24 mp.
Casting: Scorch (safe; 1% risk of failure)
Confirm with . or Enter, or press ? or * to list all spells.
Flames lash the lemure.
The lemure is burned terribly! 😎 MP[-1]
You lost 1 mp, and now have 18/24 mp.
Casting: Scorch (safe; 1% risk of failure)
Confirm with . or Enter, or press ? or * to list all spells.
Flames lash the lemure.
The lemure is burned terribly!
You kill the lemure!
That felt strangely unrewarding. 😎 MP[-2]
You lost 2 mp, and now have 16/24 mp.
There is a stone staircase leading up, spattered with blood here.
You start resting. 😎 MP[+4]
You regained 4 mp, and now have 20/24 mp.
You start resting. 😎 MP[+4]
Your mp is fully restored (24).
You start waiting.
Pikel is nearby!
Casting: Scorch (safe; 1% risk of failure)
Confirm with . or Enter, or press ? or * to list all spells.
You conjure some foxfire!
Pikel shouts!
The foxfire hits Pikel. 😎 MP[-1]
You lost 1 mp, and now have 23/24 mp.
There is a stone staircase leading up, spattered with blood here. 😎 MP[+1]
Your mp is fully restored (24).
You climb upwards.
Level annotation: 2 transporters, funkygono's ghost, amateur MfIE
There is a stone staircase leading down, spattered with blood here.
There is a transporter here.
You enter the transporter and appear at another place.
As you read the scroll labelled SACHIR FOYCI, it crumbles to dust.
The scroll dissolves into smoke.
It was a scroll of fog.
There is an open translucent door here.
Funkygono's ghost attacks as you move away!
Funkygono's ghost hits you but does no damage.
Funkygono's ghost attacks as you move away!
Funkygono's ghost hits you. 😕 HP[-4]
You take 4 damage, and now have 28/32 hp.
Funkygono's ghost attacks as you move away!
Funkygono's ghost hits you! 😮 HP[-7]
You take 7 damage, and now have 21/32 hp.
MASSIVE DAMAGE!! (PAUSE)
Press: ? - help, v - describe, . - travel, g - get item Item here: a manual of Unarmed Combat.
The floor.
Unknown command. 😮 HP[+1]
The gnoll shouts!
The gnoll zaps a wand.
You resist with some effort.
The gnoll shouts!
Funkygono's ghost says, "An ice sculpture of you would look very nice here."
Funkygono's ghost attacks as you move away!
Funkygono's ghost misses you. The gnoll closely misses you.
Funkygono's ghost attacks as you move away!
Funkygono's ghost hits you. The gnoll closely misses you. The gnoll misses you.
There is a transporter here. 😮 HP[-4]
You take 4 damage, and now have 18/32 hp.
Unknown command.
You enter the transporter and appear at another place.
The gnoll closely misses you. Funkygono's ghost closely misses you.
Unknown command.
The gnoll hits you with a +0 spear.
* * * LOW HITPOINT WARNING * * *
😨 HP[-4]
You take 4 damage, and now have 14/32 hp.
Funkygono's ghost attacks as you move away!
Funkygono's ghost hits you.
* * * LOW HITPOINT WARNING * * *
You enter the shallow water.
Moving in this stuff is going to be slow.
The gnoll hits you with a +0 spear.
* * * LOW HITPOINT WARNING * * *
😱 HP[-8]
You take 8 damage, and now have 6/32 hp.
MASSIVE DAMAGE!! (PAUSE)
The gnoll hits you from afar with a +0 spear.
* * * LOW HITPOINT WARNING * * *
Funkygono's ghost freezes you.
You are frozen.
You die...

Skill      XL: |  1  2  3  4  5 |
---------------+----------------+-----
Conjurations   | 2 3 4 |  4.8
Fire Magic     | 4 5 |  5.7
Spellcasting   | 4 5 |  5.0
Dodging        | |  2.4
Stealth        | |  2.4

Action                   |  1- 3 |  4- 6 || total
-------------------------+-------+-------++-------
Melee: Unarmed           |     1 |       ||     1
 Cast: Foxfire           |    77 |    75 ||   152
       Scorch            |    10 |    25 ||    35
       Conjure Flame     |       |     3 ||     3
  Use: Scroll            |     6 |     4 ||    10
Armor: Robe              |     3 |     3 ||     6
Dodge: Dodged            |    17 |    21 ||    38

Levels and vault maps discovered:
D:1:      arrival_zaba_pyramid, layout_loops_ring,
          hellmonk_ecumenical_altar_lost_god, minmay_large_rounded_square,
          grunt_decor_arrowhead
D:2:      layout_loops_corners, kennysheep_generic_room_6,
          uniq_crazy_yiuf_cottage
D:3:      layout_loops_ring, mainiacjoe_overflow_surrounded_room,
          nicolae_wu_jian_wuxing_cycle, nicolae_sif_muna_condensation,
          serial_shops, shop, gammafunk_ghost_gnarly_gnolls, uniq_ijyb,
          uniq_robin
D:4:      minmay_evil_eye, layout_loops_ring, mainiacjoe_overflow_alcove_2,
          uniq_pikel, uniq_sigmund

Notes
Turn   | Place    | Note
-------+----------+-------------------------------------------
     0 | D:1      | kae the Deep Elf Fire Elementalist began the quest for the
                  | Orb.
     0 | D:1      | Reached XP level 1. HP: 10/10 MP: 6/6
     0 | D:1      | magus.rc [v1.11.3]
   436 | D:1      | Reached XP level 2. HP: 15/15 MP: 4/8
   439 | D:1      | Learned a level 2 spell: Scorch
   819 | D:1      | Found a faded altar of an unknown god.
   965 | D:2      | Reached skill level 2 in Conjurations
  1330 | D:2      | You pick up a book of Callings and begin reading...
  1330 | D:2      | You add the spells Summon Small Mammal, Call Canine
                  | Familiar and Summon Guardian Golem to your library.
  1631 | D:2      | Reached XP level 3. HP: 19/19 MP: 9/9
  1635 | D:2      | Learned a level 3 spell: Conjure Flame
  2063 | D:2      | Found a runed translucent door.
  2064 | D:2      | Noticed Crazy Yiuf
  2106 | D:2      | Reached skill level 4 in Fire Magic
  2366 | D:3      | Reached skill level 3 in Conjurations
  2366 | D:3      | Reached XP level 4. HP: 24/24 MP: 11/11
  2384 | D:3      | Noticed Ijyb
  2387 | D:3      | Paralysed by Ijyb for 3 turns
  2397 | D:3      | Killed Ijyb
  2398 | D:3      | Reached skill level 4 in Spellcasting
  2506 | D:3      | Found a transporter.
  2699 | D:3      | Found Wozedd's Armour Boutique.
  2702 | D:3      | Found a transporter.
  2756 | D:3      | Reached XP level 5. HP: 28/28 MP: 13/13
  2899 | D:3      | Found a shimmering blue altar of Sif Muna.
  2945 | D:3      | Noticed Robin
  2950 | D:3      | Killed Robin
  3009 | D:3      | Reached skill level 5 in Fire Magic
  3222 | D:3      | Reached skill level 4 in Conjurations
  3257 | D:3      | Found an ornate altar of the Wu Jian Council.
  3304 | D:3      | Found a bloodstained altar of Trog.
  3611 | D:3      | Learned a level 3 spell: Inner Flame
  3616 | D:3      | Learned a level 4 spell: Flame Wave
  3688 | D:4      | Noticed Sigmund
  3701 | D:4      | Killed Sigmund
  3702 | D:4      | Reached skill level 5 in Spellcasting
  3702 | D:4      | Reached XP level 6. HP: 15/32 MP: 13/15
  3897 | D:4      | Found a stormy altar of Qazlal.
  3906 | D:4      | You pick up a book of Blasting and begin reading...
  3906 | D:4      | You add the spells Fulminant Prism, Iskenderun's Mystic
                  | Blast and Lee's Rapid Deconstruction to your library.
  3939 | D:4      | Noticed Pikel
  4053 | D:4      | HP: 8/32 [iguana (12)]
  4390 | D:3      | Noticed funkygono's ghost (amateur MfIE)
  4393 | D:3      | HP: 8/32 [lemure[Pikel] (8)]
  4903 | D:3      | HP: 6/32 [gnoll/+0 spear (6)]
  4904 | D:3      | Frozen to death by funkygono's ghost

Vanquished Creatures
  Sigmund (D:4)
  3 lemures
  A howler monkey (D:3)
  An orc priest (D:3)
  Ijyb (D:3)
  An iguana (D:4)
  An orc wizard (D:3)
  Robin (D:3)
  3 adders (D:3)
  2 worms
  2 dart slugs
  7 orcs (D:3)
  3 ball pythons
  5 endoplasms
  2 giant cockroaches
  9 hobgoblins
  2 quokkas
  8 bats
  3 frilled lizards
  13 goblins
  5 kobolds
  A rat (D:2)
75 creatures vanquished.

Vanquished Creatures (others)
  256 foxfires
  6 plants (D:3)
262 creatures vanquished.

Grand Total: 337 creatures vanquished

Table legend:
 A = Non-vault XP
 B = Vault XP
 C = Vault XP percentage of total XP
 D = Non-vault monster count
 E = Vault monster count
 F = Vault count percentage of total count
                 A         B        C        D         E       F
            +---------+---------+-------+---------+---------+-------
      Total |     312 |     295 |  48.6 |      58 |      14 |  19.4
            +---------+---------+-------+---------+---------+-------
        D:1 |      25 |       0 |   0.0 |      14 |       0 |   0.0
        D:2 |      30 |       0 |   0.0 |      15 |       0 |   0.0
        D:3 |     210 |      72 |  25.5 |      24 |      13 |  35.1
        D:4 |      47 |     223 |  82.6 |       5 |       1 |  16.7
            +---------+---------+-------+---------+---------+-------

Illustrated notes

Table legend:
 A = Kills in this place as a percentage of kills in entire the game.
 B = Kills by you in this place as a percentage of kills by you in the entire game.
 C = Kills by friends in this place as a percentage of kills by friends in the entire game.
 D = Other kills in this place as a percentage of other kills in the entire game.
 E = Experience gained in this place as a percentage of experience gained in the entire game.
 F = Experience gained in this place divided by the number of levels of this place that you have seen.
                   A       B       C       D       E      F
               +-------+-------+-------+-------+-------+----------------------
         Total | 100.0 | 100.0 |   N/A |   N/A | 100.0 | 151.8
       Dungeon | 100.0 | 100.0 |   N/A |   N/A | 100.0 | 151.8
               +-------+-------+-------+-------+-------+----------------------

Table legend: (Time is in decaauts)
 A = Elapsed time spent in this place.
 B = Non-inter-level travel time spent in this place.
 C = Inter-level travel time spent in this place.
 D = Time resting spent in this place.
 E = Time spent auto-exploring this place.
 F = Levels seen in this place.
 G = Mean time per level.
                   A        B        C        D        E       F      G
               +--------+--------+--------+--------+--------+-----+--------+
         Total |   4904 |   4826 |     78 |    499 |   3562 |   4 | 1226.0 |
       Dungeon |   4904 |   4826 |     78 |    499 |   3562 |   4 | 1226.0 |
               +--------+--------+--------+--------+--------+-----+--------+

Top non-repeatable levels by time:
     D:3: 1654 daAuts
     D:2: 1248 daAuts
     D:1: 1010 daAuts
     D:4: 991 daAuts
